 Dungeon Crawl Stone Soup version 0.29-a0-314-gb00dd7cb4b (webtiles) character file.

Game seed: 6630135272478857918

186 HotDog the Covered (level 5, -1/33 HPs)
             Began as a Gargoyle Fighter on Mar 29, 2022.
             Splashed by a jelly's acid (10 damage)
             ... on level 4 of the Dungeon.
             The game lasted 00:04:06 (3052 turns).

HotDog the Covered (Gargoyle Fighter)               Turns: 3052, Time: 00:04:07

Health: -1/33      AC: 12    Str: 20    XL:     5   Next: 66%
Magic:  6/6        EV:  9    Int:  8    God:
Gold:   210        SH:  4    Dex: 11    Spells: 4/4 levels left

rFire   . . .      SeeInvis .   w - +1 flail (protect)
rCold   . . .      Faith    .   c - +0 buckler
rNeg    + . .      Spirit   .   b - +0 scale mail
rPois   ∞          Reflect  .   (no helmet)
rElec   +          Harm     .   u - +0 cloak
rCorr   .          Rampage  .   q - +0 pair of gloves
Will    .....                   (no boots)
Stlth   ..........              (no amulet)
HPRegen 0.11/turn               (no ring)
MPRegen 0.10/turn               (no ring)

@: corroded, under a protective aura
A: sickness immunity, AC +4, negative energy resistance 1, electricity
resistance, torment resistance 1, petrification resistance
a: no special abilities


You were on level 4 of the Dungeon.
You visited 1 branch of the dungeon, and saw 4 of its levels.

You collected 210 gold pieces.

Inventory:

Hand Weapons
 a - a +1 flail
 w - a +1 flail of protection (weapon)
Missiles
 f - a throwing net (quivered)
Armour
 b - a +0 scale mail (worn)
 c - a +0 buckler (worn)
 l - a scarf of resistance
 q - a +0 pair of gloves (worn)
 u - a +0 cloak (worn)
Jewellery
 s - a +6 ring of intelligence
Scrolls
 g - a scroll of amnesia
 j - 2 scrolls of teleportation {unknown}
 k - 2 scrolls of fog {unknown}
 m - a scroll of vulnerability {unknown}
 o - a scroll of enchant armour {unknown}
 p - 3 scrolls of fear {unknown}
 v - a scroll of identify
 x - a scroll of magic mapping {unknown}
Potions
 d - a potion of might
 e - 3 potions of curing {unknown}
 h - a potion of berserk rage
 i - a potion of heal wounds
 n - a potion of brilliance {unknown}
 r - 2 potions of invisibility {unknown}
 t - a potion of attraction {unknown}
 z - a potion of cancellation {unknown}


   Skills:
 * Level 3.8 Fighting
 * Level 3.5 Maces & Flails
 * Level 4.1 Armour
 * Level 1.1 Dodging
 * Level 4.0 Shields
 * Level 1.5 Invocations


You had 4 spell levels left.
You didn't know any spells.
Your spell library contained the following spells:

 Spells                   Type           Power      Damage    Failure   Level
 Wereblood                Tmut           0%         N/A       94%         2
 Passage of Golubria      Tloc           0%         N/A       100%        4
 Silence                  Hex/Air        0%         N/A       100%        5
 Summon Hydra             Summ           0%         N/A       100%        7
 Lehudib's Crystal Spear  Conj/Erth      0%         10d2      100%        8
 Sublimation of Blood     Necr           Unusable   N/A       N/A         2

Dungeon Overview and Level Annotations

Branches:
Dungeon (4/15)
 Temple: D:4-7

Altars:
Ashenzari
Vehumet


Innate Abilities, Weirdness & Mutations

You are immune to sickness and miasma.
Your stone body is resilient. (AC +4)
You are immune to poison.
You resist negative energy. (rN+)
You are resistant to electric shocks. (rElec)
You are resistant to unholy torment.
You are immune to petrification.


Message History

The jelly disappears!
There is an open door here.
Found a cloak.
A jelly comes into view.
Found 10 stones.
Found a radiant altar of Vehumet.
The jelly quivers.
A jelly is nearby!
A kobold comes into view. It is wielding a +0 dagger.
The kobold shouts!
The jelly completely misses you.
You hit the jelly.
Your weapon exudes an aura of protection.
Your hands burn!
The jelly is lightly wounded.
The jelly closely misses you.
You hit the jelly.
Your hands burn!
The jelly is moderately wounded.
The jelly closely misses you. The jelly attacks as you move away!
The jelly barely misses you. The jelly attacks as you move away!
The jelly hits you but does no damage.
You hit the jelly.
Your hands burn!
The jelly is heavily wounded.
The jelly hits you but does no damage.
You hit the jelly. The acid corrodes you!
Your hands burn!
The jelly is heavily wounded.
The jelly hits you but does no damage. The kobold barely misses you.
The kobold hits you but does no damage. The jelly hits you but does no damage.
You hit the jelly but do no damage.
Your hands burn!
The jelly is heavily wounded.
The jelly hits you but does no damage. The kobold hits you but does no damage.
You hit the jelly but do no damage. The acid corrodes you!
Your hands burn!
The jelly is heavily wounded.
You block the jelly's attack. The kobold hits you but does no damage.
You hit the jelly. The acid corrodes you!
Your hands burn!
The jelly is almost dead.
The jelly hits you but does no damage. The kobold closely misses you.
The jelly hits you.
* * * LOW HITPOINT WARNING * * *
You are splashed with acid!
You die...

##.#.#.#
#.###
#..#######.#
#..........#
#.##.###.###
#........#
####.#####
#.# #.# ###
#@###...#
#JK..._..
#.≈≈≈...≈
#..≈≈≈≈≈§
#....≈≈≈.
#§≈§.....
.§≈≈≈...≈
(...≈≈≈≈≈
#..#......


You could see a jelly and a kobold.

Vanquished Creatures
  A hound (D:4)
  Terence (D:3)
  An orc wizard (D:4)
  4 adders
  A worm (D:3)
  2 dart slugs
  4 orcs
  4 ball pythons
  5 bats
  4 endoplasms
  3 giant cockroaches
  8 goblins
  2 hobgoblins
  6 jackals
  4 quokkas
  2 frilled lizards
  4 kobolds
  A rat (D:3)
57 creatures vanquished.

Vanquished Creatures (others)
  A fungus (D:4)
  A plant (D:3)
2 creatures vanquished.

Grand Total: 59 creatures vanquished

Notes
Turn   | Place    | Note
-------+----------+-------------------------------------------
     0 | D:1      | HotDog the Gargoyle Fighter began the quest for the Orb.
     0 | D:1      | Reached XP level 1. HP: 14/14 MP: 1/1
   136 | D:1      | Reached XP level 2. HP: 17/19 MP: 2/2
   177 | D:1      | Found a faded altar of an unknown god.
  1207 | D:2      | Reached XP level 3. HP: 20/23 MP: 3/3
  1377 | D:2      | Reached skill level 1 in Invocations
  1577 | D:2      | Reached XP level 4. HP: 28/28 MP: 4/4
  2249 | D:3      | Noticed Terence
  2264 | D:3      | Killed Terence
  2314 | D:3      | Reached XP level 5. HP: 33/33 MP: 6/6
  2581 | D:4      | Reached skill level 1 in Dodging
  2790 | D:4      | Found a broken altar of Ashenzari.
  3025 | D:4      | Noticed a black bear
  3039 | D:4      | Found a radiant altar of Vehumet.
  3052 | D:4      | Splashed by a jelly's acid

Illustrated notes

Levels and vault maps discovered:
D:1:      dpeg_arrival_radiant, layout_loops_ring, ebering_ecumenical_altar_mist
D:2:      layout_loops_ring
D:3:      layout_rooms, nicolae_concentric_dashed_squares_wild,
          serial_bayou_ford_a, minmay_ruptured, uniq_terence
D:4:      layout_basic, mainiacjoe_overflow_catch_the_wave,
          mainiacjoe_overflow_big_doors, nicolae_ashenzari_panopticon,
          grunt_tough_drop

Skill      XL: |  1  2  3  4  5 |
---------------+----------------+-----
Invocations    | 1 |  1.5
Maces & Flails | 3 |  3.5
Armour         | 4 |  4.1
Dodging        | 1 |  1.1
Shields        | 4 |  4.0
Fighting       | |  3.8

Action                   |  1- 3 |  4- 6 || total
-------------------------+-------+-------++-------
Melee: Flail             |   124 |    84 ||   208
  Use: Scroll            |       |     5 ||     5
       Potion            |       |     1 ||     1
Armor: Scale mail        |    85 |    68 ||   153
Dodge: Dodged            |    68 |    43 ||   111
Block: Buckler           |    35 |    15 ||    50

Table legend: (Time is in decaauts)
 A = Elapsed time spent in this place.
 B = Non-inter-level travel time spent in this place.
 C = Inter-level travel time spent in this place.
 D = Time resting spent in this place.
 E = Time spent auto-exploring this place.
 F = Levels seen in this place.
 G = Mean time per level.
                   A        B        C        D        E       F      G
               +--------+--------+--------+--------+--------+-----+--------+
         Total |   3118 |   2978 |    140 |    191 |   2252 |   4 |  779.5 |
       Dungeon |   3118 |   2978 |    140 |    191 |   2252 |   4 |  779.5 |
               +--------+--------+--------+--------+--------+-----+--------+

Top non-repeatable levels by time:
     D:1: 1207 daAuts
     D:2: 818 daAuts
     D:3: 764 daAuts
     D:4: 327 daAuts
